 Dungeon Crawl Stone Soup version 0.29-a0-1027-gcd8c55af63 (webtiles) character file.

Game seed: 17150452880910663865

47 greenreed the Cudgeller (level 3, 0/33 HPs)
             Began as a Minotaur Monk on Aug 12, 2022.
             Slain by a gnoll
             ... wielding a +0 flail
              (8 damage)
             ... on level 2 of the Dungeon.
             The game lasted 00:02:20 (1209 turns).

greenreed the Cudgeller (Minotaur Monk)             Turns: 1209, Time: 00:02:21

Health: 0/33       AC:  5    Str: 17    XL:     3   Next: 48%
Magic:  2/2        EV: 11    Int:  7    God:
Gold:   33         SH:  0    Dex: 12    Spells: 2/2 levels left

rFire   . . .      SeeInvis .   a - +0 mace
rCold   . . .      Faith    .   (no shield)
rNeg    . . .      Spirit   .   f - +0 ring mail
rPois   .          Reflect  .   (helmet restricted)
rElec   .          Harm     .   (no cloak)
rCorr   .          Rampage  .   (no gloves)
Will    .....                   (no boots)
Stlth   ..........              (no amulet)
HPRegen 0.11/turn               (no ring)
MPRegen 0.08/turn               (no ring)

@: confused, ambrosia-drunk
A: horns 2, retaliatory headbutt
a: no special abilities


You were on level 2 of the Dungeon.
You visited 1 branch of the dungeon, and saw 2 of its levels.

You collected 33 gold pieces.

Inventory:

Hand Weapons
 a - a +0 mace (weapon)
Missiles
 n - 4 poisoned darts (quivered)
Armour
 b - a +0 robe
 f - a +0 ring mail (worn)
Scrolls
 d - a scroll of brand weapon {unknown}
 g - a scroll of identify {unknown}
 h - 2 scrolls of vulnerability {unknown}
 j - a scroll of teleportation {unknown}
 l - a scroll of poison {unknown}
Potions
 e - 2 potions of brilliance {unknown}
 i - a potion of haste {unknown}
 k - 2 potions of attraction {unknown}
 m - a potion of might {unknown}


   Skills:
 + Level 4.1 Fighting
 + Level 4.4 Maces & Flails
 + Level 0.7 Armour
 + Level 3.8 Dodging
 + Level 1.6 Stealth


You had 2 spell levels left.
You didn't know any spells.
Your spell library contained the following spells:

 Spells                   Type           Power      Damage    Failure   Level
 Tukima's Dance           Hex            0%         N/A       95%         3
 Passage of Golubria      Tloc           0%         N/A       100%        4
 Yara's Violent Unravell  Hex/Tmut       0%         3d3       100%        5


Dungeon Overview and Level Annotations

Branches:
Dungeon (2/15)

Altars:

Shops:
D:1 *!

Annotations:
D:2 Robin


Innate Abilities, Weirdness & Mutations

You have a pair of horns on your head.
You reflexively headbutt those who attack you in melee.


Message History

You headbutt the gnoll, but do no damage.
You hit the gnoll but do no damage. Your headbutt misses the gnoll.
The gnoll hits you but does no damage.
Robin roars a battlecry!
The goblin goes into a battle-frenzy!
The gnoll hits you with a +0 flail.
You hit the gnoll. Your headbutt misses the gnoll.
The gnoll is lightly wounded.
Robin's bangles clink loudly.
The gnoll hits you with a +0 flail!
You barely miss the gnoll. Your headbutt misses the gnoll.
The gnoll is lightly wounded.
The gnoll hits you with a +0 flail!
* * * LOW HITPOINT WARNING * * *
You are confused.
You feel invigorated. Robin hits you but does no damage.
The gnoll hits you with a +0 flail!
* * * LOW HITPOINT WARNING * * *
You bump into the rock wall.
Robin hits you from afar with a +0 spear.
* * * LOW HITPOINT WARNING * * *
The gnoll barely misses you.
You bump into the rock wall.
Robin roars a battlecry!
The gnoll barely misses you.
You hit the gnoll but do no damage. Your headbutt misses the gnoll.
The gnoll is lightly wounded.
Robin closely misses you. The gnoll hits you with a +0 flail!
* * * LOW HITPOINT WARNING * * *
You bump into the rock wall.
Robin throws the goblin at you! The gnoll barely misses you.
The goblin closely misses you.
You hit the gnoll but do no damage.
You headbutt the gnoll, but do no damage.
The gnoll is lightly wounded.
Robin misses you. The gnoll barely misses you. The goblin misses you.
You bump into the rock wall.
Robin hits you from afar with a +0 spear.
* * * LOW HITPOINT WARNING * * *
The gnoll hits you with a +0 flail!
You die...

#.##.# #.# #.##.# #.#
#.##.# #.# #.##.# #.#
#.##.####.####
#.##.........#
#)##.####.##.# # #g####
#....# #.#####@# #..#######
.#.#.....#g#######.......).
.g.g...g.gg).........######
.g.#.....#.########..#
#.....#.########..#
#.#####.##........# #.
#.##.#####..##### # #.##.#
#.......# #.##.# #.#.###.#


You could see Robin, a gnoll and 2 goblins.

Vanquished Creatures
  2 worms (D:2)
  2 bats
  2 endoplasms (D:1)
  2 giant cockroaches
  10 goblins
  4 hobgoblins
  4 jackals (D:1)
  A quokka (D:1)
  2 ball pythons (D:2)
  A frilled lizard (D:1)
  3 kobolds (D:1)
  A rat (D:2)
34 creatures vanquished.

Notes
Turn   | Place    | Note
-------+----------+-------------------------------------------
     0 | D:1      | greenreed the Minotaur Monk began the quest for the Orb.
     0 | D:1      | Reached XP level 1. HP: 19/19 MP: 0/0
   100 | D:1      | Reached XP level 2. HP: 27/27 MP: 1/1
   344 | D:1      | Found Vuunadeo's Assorted Antiques.
   477 | D:1      | Found Ihiarhy's Distillery.
  1087 | D:2      | Reached XP level 3. HP: 23/33 MP: 2/2
  1175 | D:2      | Noticed Robin
  1206 | D:2      | HP: 1/33 [gnoll/+0 flail (13)]
  1209 | D:2      | Slain by a gnoll

Illustrated notes

Levels and vault maps discovered:
D:1:      dpeg_arrival_round_c, layout_basic, serial_shops, shop,
          nicolae_shop_trees, minmay_surrounded
D:2:      layout_basic, hellmonk_ecumenical_altar_dog_temple, uniq_robin

Skill      XL: |  1  2 |
---------------+-------+-----
Maces & Flails | 4 |  4.4
Fighting       | 4 |  4.1
Armour         | |  0.7
Dodging        | |  3.8
Stealth        | |  1.6

Action                   || total
-------------------------++-------
Melee: Mace              ||    64
       Headbutt          ||    13
  Use: Potion            ||     1
Armor: Robe              ||     1
       Ring mail         ||    28
Dodge: Dodged            ||    40

Table legend: (Time is in decaauts)
 A = Elapsed time spent in this place.
 B = Non-inter-level travel time spent in this place.
 C = Inter-level travel time spent in this place.
 D = Time resting spent in this place.
 E = Time spent auto-exploring this place.
 F = Levels seen in this place.
 G = Mean time per level.
                   A        B        C        D        E       F      G
               +--------+--------+--------+--------+--------+-----+--------+
         Total |   1221 |   1126 |     95 |      0 |    939 |   2 |  610.5 |
       Dungeon |   1221 |   1126 |     95 |      0 |    939 |   2 |  610.5 |
               +--------+--------+--------+--------+--------+-----+--------+

Top non-repeatable levels by time:
     D:1: 963 daAuts
     D:2: 257 daAuts
